 Dungeon Crawl Stone Soup version 0.23-a0-126-g19e28b4 (webtiles) character file.

13362 Amnesiac the Black Sun (level 11, -5/75 HPs)
             Began as a Mummy Monk on Aug 26, 2018.
             Was a High Priest of Kikubaaqudgha.
             Slain by a troll (12 damage)
             ... led by an orc knight
             ... on level 10 of the Dungeon.
             The game lasted 00:30:50 (16403 turns).

Amnesiac the Black Sun (Mummy Monk)                Turns: 16403, Time: 00:30:51

Health: -5/75      AC:  6    Str: 15    XL:     11   Next: 74%
Magic:  13/25      EV: 12    Int: 12    God:    Kikubaaqudgha [*****.]
Gold:   591        SH:  5    Dex: 15    Spells: 4/30 levels left

rFire    . . .     SeeInvis .   a - +0 long sword
rCold    + . .     Gourm    .   c - +0 buckler
rNeg     + + +     Faith    .   h - +0 ring mail
rPois    ∞         Spirit   .   (no helmet)
rElec    .         Reflect  .   k - scarf {repulsion}
rCorr    .         Harm     .   e - +0 pair of gloves
MR       ++...                  (no boots)
Stlth    +.........             (no amulet)
HPRegen  0.22/turn              x - ring of protection from magic
MPRegen  0.19/turn              u - ring of protection from fire

@: repel missiles
A: no food or potions, fire vulnerability, cold resistance 1, negative energy
resistance 3, torment resistance, unbreathing
a: Receive Corpses, Torment, Renounce Religion


You were on level 10 of the Dungeon.
You worshipped Kikubaaqudgha.
Kikubaaqudgha was extremely pleased with you.
You were not hungry.

You visited 3 branches of the dungeon, and saw 12 of its levels.

You collected 591 gold pieces.

Inventory:

Hand Weapons
 a - a +0 long sword (weapon)
 b - a +0 blowgun
 p - a +0 short sword
Missiles
 f - 4 curare-tipped needles
 q - 47 poisoned needles
Armour
 c - a +0 buckler (worn)
 e - a +0 pair of gloves (worn)
 h - a +0 ring mail (worn)
 k - a scarf of repulsion (worn)
 y - a +0 robe of magic resistance
Jewellery
 m - an uncursed ring of fire
 u - a ring of protection from fire (right hand)
 x - a ring of protection from magic (left hand)
Wands
 j - a wand of random effects (12)
 w - a wand of digging (12)
Scrolls
 d - 2 scrolls of teleportation {!r}
 g - 3 scrolls of amnesia {!r}
 i - a scroll of immolation {!r}
 n - a scroll of enchant weapon {!r}
 o - 10 scrolls of remove curse {!r}
 r - 3 scrolls of identify {!r}
 s - a scroll of fear {!r}
 t - a scroll of magic mapping {!r}
 v - 2 scrolls of enchant armour {!r}


   Skills:
 - Level 3.4 Fighting
 - Level 8.1 Short Blades
 - Level 3.2 Dodging
 - Level 1.5 Stealth
 - Level 4.3 Shields
 - Level 10.0 Spellcasting
 + Level 12.7 Necromancy


You had 4 spell levels left.
You knew the following spells:

 Your Spells              Type           Power        Failure   Level  Hunger
a - Agony                 Necr           #####...     3%          5    N/A
b - Borgnjor's Vile Clut  Necr/Erth      ###.......   43%         5    N/A
c - Animate Dead          Necr           N/A          1%          4    N/A
d - Vampiric Draining     Necr           #####.....   1%          3    N/A
e - Pain                  Necr           ####         1%          1    N/A
f - Dispel Undead         Necr           #####...     3%          5    N/A
s - Corpse Rot            Necr           N/A          1%          2    N/A
z - Confusing Touch       Hex            #.....       24%         1    N/A

Your spell library contained the following spells:

 Spells                   Type           Power        Failure   Level  Hunger
 Animate Skeleton         Necr           N/A          1%          1    N/A
 Apportation              Tloc           #.....       24%         1    N/A
 Summon Small Mammal      Summ           #...         24%         1    N/A
 Sticks to Snakes         Tmut           #.......     34%         2    N/A
 Death Channel            Necr           #####.....   21%         6    N/A
 Beastly Appendage        Tmut           Unusable     N/A         1    N/A
 Spider Form              Tmut/Pois      Unusable     N/A         3    N/A
 Ice Form                 Ice/Tmut       Unusable     N/A         4    N/A
 Blade Hands              Tmut           Unusable     N/A         5    N/A

Dungeon Overview and Level Annotations

Branches:
Dungeon (10/15)            Temple (1/1) D:6            Lair (0/6) D:8
    Orc (1/2) D:10

Altars:
Ashenzari
Cheibriados
Elyvilon
Fedhas
Gozag
Kikubaaqudgha
Nemelex Xobeh
Okawaru
Qazlal
Sif Muna
Trog
Uskayaw
Vehumet
Wu Jian
Xom

Shops:
D:8 (:*?=

Annotations:
Orc:1 Nergalle


Innate Abilities, Weirdness & Mutations

You do not eat or drink.
Your flesh is vulnerable to fire.
You are immune to poison.
Your flesh is cold resistant. (rC+)
You are immune to negative energy. (rN+++)
You are immune to unholy pain and torment.
You can survive without breathing.


Message History

Confirm with . or Enter, or press ? or * to list all spells.
You can't see any susceptible monsters within range! (Use Z to cast anyway.)
Things that are here:
a dire flail; a chain mail; an orc corpse You see here 14 stones.
You see here a trident.
There is an escape hatch in the floor here.
You slide downwards.
The hatch slams shut behind you.
You start resting.
Magic restored.
You start resting.
Magic restored.
You start resting.
HP restored.
There is an open door here.
The orc is too close now for your liking.
An orc is nearby!
An orc is nearby!
The orc shouts!
You hit the orc.
The orc is lightly wounded.
The orc closely misses you.
You hit the orc.
The orc is almost dead.
The orc misses you.
You riposte.
You slash the orc!
You kill the orc!
Kikubaaqudgha accepts your kill.
The troll is too close now for your liking.
Casting: Vampiric Draining (safe; 1% risk of failure)
Confirm with . or Enter, or press ? or * to list all spells.
Aiming: Agony (safe; 3% risk of failure)
Press: ? - help, Shift-Dir - straight line, f - troll
Aim: a troll (chance to defeat MR: 95%)
The troll convulses!
Unknown command.
Casting: Agony (safe; 3% risk of failure)
Confirm with . or Enter, or press ? or * to list all spells.
Aiming: Agony (safe; 3% risk of failure)
Press: ? - help, Shift-Dir - straight line, f/p - troll
Aim: a troll (heavily wounded, chance to defeat MR: 95%)
The troll convulses!
Unknown command.
You hit the troll but do no damage.
The troll is severely wounded.
The troll closely misses you. The troll barely misses you. The troll claws you!
You hit the troll.
The troll is severely wounded.
The troll bites you! The troll claws you! The troll claws you.
The troll bites you!
* * * LOW HITPOINT WARNING * * *
The troll claws you!
* * * LOW HITPOINT WARNING * * *
The troll barely misses you.
Casting: Agony (safe; 3% risk of failure)
Confirm with . or Enter, or press ? or * to list all spells.
Aiming: Vampiric Draining (safe; 1% risk of failure)
Press: ? - help, Shift-Dir - straight line, f/p - troll
Aim: a troll (severely wounded)
The troll is almost dead.
You feel life coursing into your body. The troll bites you!
* * * LOW HITPOINT WARNING * * *
The troll claws you!
You die...
Kikubaaqudgha rasps: "You have failed me!
Welcome... oblivion!"

#....#......#....#......#........
.....#......#....#......#........
.....#'######....#......#........
.................#......#........
......########'#.#...oT.'........
......#........#.#...##'#........
......#........#.#.<.#...........
......#........#.#####...........
......########'#@T...............
..............................)..
.....................#####'###)))
.....................#.>.....'..<
.....................#.......#...
..<..................#.......#...
#'#...#####.#####....#.......#...
÷.#...#...###...#....#########...
#.#...#.........#..........!.....


You could see a troll.

Vanquished Creatures
  Harold (D:9)
  3 death yaks
  3 two-headed ogres
  The ghost of opiumtea the Thaumaturge, a novice GnWz (D:8)
  An orc knight (D:10)
  Pikel (D:6)
  A cyclops (D:10)
  Psyche (D:9)
  2 hippogriffs
  3 wraiths
  A wyvern (D:10)
  A yak (D:10)
  3 hogs (D:10)
  A human (D:10)
  A warg (D:10)
  Edmund (D:6)
  3 porcupines (D:8)
  4 orc warriors
  A hornet zombie (D:7)
  2 necrophages
  3 phantoms
  An ice beast (D:10)
  7 ogres
  4 centaurs
  Blork the orc (D:4)
  2 big kobolds
  5 bullfrogs
  A wyvern zombie (D:9)
  A wyvern skeleton (D:7)
  4 scorpions
  A water moccasin skeleton (D:7)
  10 killer bees
  2 wights (D:9)
  2 howler monkeys
  2 jellies (D:9)
  2 crimson imps
  2 bullfrog zombies
  7 hounds
  Crazy Yiuf (D:6)
  5 orc priests
  2 iguanas
  6 orc wizards
  2 worker ants
  A killer bee zombie (D:7)
  A centaur simulacrum (D:8)
  3 hound zombies
  3 hound skeletons
  A mummy (D:8)
  3 gnolls (D:9)
  2 river rats (D:8)
  10 adders
  3 shadow imps
  An adder skeleton (D:4)
  A worm (D:4)
  A dart slug (D:1)
  10 leopard geckos
  34 orcs
  10 bats
  8 giant cockroaches
  7 goblins
  6 hobgoblins
  15 jackals
  14 kobolds
  7 quokkas
  5 frilled lizards
  A quokka skeleton (D:5)
  7 rats
262 creatures vanquished.

Vanquished Creatures (others)
  A sky beast (D:6)
  A slave (D:6)
  An adder zombie (D:5)
  An orc (D:5)
  2 jackals (D:6)
  A giant cockroach zombie (D:6)
7 creatures vanquished.

Grand Total: 269 creatures vanquished

Notes
Turn   | Place    | Note
-------+----------+-------------------------------------------
     0 | D:1      | Amnesiac the Mummy Monk began the quest for the Orb.
     0 | D:1      | Reached XP level 1. HP: 18/18 MP: 1/1
   201 | D:2      | Reached XP level 2. HP: 24/24 MP: 2/2
   545 | D:1      | Reached XP level 3. HP: 29/29 MP: 3/3
   928 | D:5      | Entered Level 5 of the Dungeon
   928 | D:5      | Noticed a centaur
  1232 | D:4      | Reached XP level 4. HP: 21/35 MP: 4/4
  1485 | D:4      | HP: 1/35 [orc priest/divine providence (10)]
  1754 | D:4      | Found a stormy altar of Qazlal.
  1811 | D:4      | Noticed Blork the orc
  2547 | D:5      | Noticed an ogre
  3875 | D:2      | Reached XP level 5. HP: 37/41 MP: 5/5
  4074 | D:3      | Reached skill level 1 in Shields
  4498 | D:4      | Reached skill level 5 in Short Blades
  5034 | D:5      | Killed a centaur
  5034 | D:5      | Reached XP level 6. HP: 36/47 MP: 6/6
  5419 | D:5      | Reached XP level 7. HP: 16/52 MP: 2/7
  6086 | D:5      | Learned a level 1 spell: Confusing Touch
  6875 | D:6      | Noticed Pikel
  6900 | D:6      | Killed Pikel
  6900 | D:6      | Reached XP level 8. HP: 58/58 MP: 8/8
  6929 | D:6      | Noticed Edmund
  6940 | D:6      | Killed Edmund
  7236 | D:6      | Reached skill level 1 in Spellcasting
  7520 | D:6      | Found a runed door.
  7728 | D:6      | Found a staircase to the Ecumenical Temple.
  7879 | Temple   | Entered the Ecumenical Temple
  7910 | Temple   | Became a worshipper of Kikubaaqudgha
  7910 | Temple   | Reached * piety under Kikubaaqudgha
  7910 | Temple   | Identified Kikubaaqudgha's Incunabulum of Evil
                  | (Kikubaaqudgha gifted it to you in the Ecumenical Temple)
  7910 | Temple   | Received a gift from Kikubaaqudgha
  7910 | Temple   | Reached ** piety under Kikubaaqudgha
  8164 | D:4      | Found a stormy altar of Qazlal.
  8187 | D:4      | Killed Blork the orc
  8615 | D:4      | Learned a level 3 spell: Vampiric Draining
  8618 | D:4      | Learned a level 2 spell: Corpse Rot
  8620 | D:4      | Learned a level 1 spell: Pain
  8684 | D:6      | Noticed Crazy Yiuf
  8691 | D:6      | Killed Crazy Yiuf
  8816 | D:7      | Reached skill level 1 in Necromancy
  8929 | D:7      | Reached skill level 2 in Necromancy
  8929 | D:7      | Reached XP level 9. HP: 48/64 MP: 8/13
  9240 | D:7      | Reached skill level 3 in Necromancy
  9664 | D:7      | Noticed a two-headed ogre
  9721 | D:8      | Found a staircase to the Lair.
  9721 | D:8      | Noticed a death yak
  9721 | D:8      | Noticed a death yak
  9724 | D:8      | Noticed a death yak
  9787 | D:7      | Killed a death yak
  9787 | D:7      | Reached skill level 5 in Spellcasting
  9787 | D:7      | Reached skill level 5 in Necromancy
 10281 | D:7      | Killed a two-headed ogre
 10281 | D:7      | Reached skill level 7 in Necromancy
 10707 | D:8      | Found a transporter.
 10707 | D:8      | Found a transporter.
 10707 | D:8      | Noticed opiumtea's ghost (novice GnWz)
 10721 | D:8      | Found Taaw's Weapon Boutique.
 10755 | D:8      | Found Mutae's Book Emporium.
 10773 | D:8      | Reached XP level 10. HP: 45/70 MP: 14/19
 10850 | D:8      | Found Bungeirch's General Store.
 10920 | D:8      | Found Raicooggyk's Magic Scroll Shoppe.
 11079 | D:7      | Killed a death yak
 11079 | D:7      | Reached skill level 8 in Necromancy
 11503 | D:8      | Killed a death yak
 11580 | D:8      | Reached *** piety under Kikubaaqudgha
 11580 | D:8      | Identified Kikubaaqudgha's Incunabulum of Sinister Rituals
                  | (Kikubaaqudgha gifted it to you on level 8 of the Dungeon)
 11580 | D:8      | Received a gift from Kikubaaqudgha
 11588 | D:8      | Learned a level 5 spell: Agony
 11593 | D:8      | Learned a level 4 spell: Animate Dead
 11599 | D:8      | Learned a level 5 spell: Borgnjor's Vile Clutch
 11605 | D:8      | Learned a level 5 spell: Dispel Undead
 11625 | D:8      | Found Dythimen's Jewellery Emporium.
 12353 | D:9      | Reached skill level 9 in Necromancy
 12427 | D:9      | Noticed Harold
 12597 | D:9      | Killed Harold
 12760 | D:8      | Reached skill level 10 in Necromancy
 13183 | D:8      | Killed opiumtea's ghost
 13183 | D:8      | Reached XP level 11. HP: 75/75 MP: 3/24
 13369 | D:9      | Reached skill level 10 in Spellcasting
 13928 | D:9      | Noticed a two-headed ogre
 13937 | D:9      | Killed a two-headed ogre
 14044 | D:9      | Noticed Psyche
 14050 | D:9      | Killed Psyche
 14226 | D:10     | Entered Level 10 of the Dungeon
 14258 | D:10     | Noticed a two-headed ogre
 14277 | D:10     | Killed a two-headed ogre
 14277 | D:10     | Reached skill level 11 in Necromancy
 14286 | D:9      | Reached **** piety under Kikubaaqudgha
 15180 | D:10     | Found a staircase to the Orcish Mines.
 15408 | D:10     | Reached skill level 12 in Necromancy
 15805 | Orc:1    | Entered Level 1 of the Orcish Mines
 15805 | Orc:1    | Noticed an orc knight
 15806 | Orc:1    | Noticed Nergalle
 15806 | Orc:1    | Noticed an orc knight
 15885 | D:10     | Killed an orc knight
 15886 | D:10     | Reached ***** piety under Kikubaaqudgha
 16161 | Orc:1    | Noticed an orc knight
 16403 | D:10     | Slain by a troll

Vault maps used:
D:1:      dpeg_arrival_circle_labyrinth_c
D:3:      minmay_door_square
D:4:      nicolae_overflow_crystal_walls, uniq_blork_the_orc
D:5:      first_ration, bh_walls_and_bars
D:6:      minmay_temple_entry_fiery, uniq_crazy_yiuf_cottage, uniq_pikel,
          uniq_edmund
D:8:      dpeg_lair_monsters, gammafunk_ghost_mausoleum, serial_shops,
          nicolae_shop_statue_plus, shop_statue, shop, shop,
          nicolae_shop_waterfront
D:9:      serial_undead, serial_undead_d, serial_undead_f, serial_undead_a,
          serial_undead_e, uniq_harold, uniq_psyche
D:10:     orc_0_dummy, grunt_livestock, minivault_16
Temple:   compressed_dpeg_circular_temple
Orc:1:    uniq_josephine, uniq_fannar, uniq_nergalle

Skill      XL: |  1  2  3  4  5  6  7  8  9 10 11 |
---------------+----------------------------------+-----
Short Blades   | 3 4 5 6 7 8 |  8.1
Shields        | 2 4 |  4.3
Spellcasting   | 2 6 9 10 | 10.0
Dodging        | 3 |  3.2
Necromancy     | 2 7 10 12 | 12.7
Fighting       | |  3.4
Stealth        | |  1.5

Action                   |  1- 3 |  4- 6 |  7- 9 | 10-12 || total
-------------------------+-------+-------+-------+-------++-------
Melee: Short sword       |   113 |    69 |       |       ||   182
       Long sword        |       |   172 |   376 |   272 ||   820
       Unarmed           |       |       |     5 |       ||     5
 Fire: Blowgun           |       |       |    61 |    40 ||   101
 Cast: Confusing Touch   |       |       |     2 |       ||     2
       Vampiric Draining |       |       |     1 |    64 ||    65
       Dispel Undead     |       |       |       |    21 ||    21
       Agony             |       |       |       |    34 ||    34
       Pain              |       |       |       |    41 ||    41
       Corpse Rot        |       |       |       |     1 ||     1
Evoke: Wand              |       |       |     2 |     1 ||     3
  Use: Scroll            |     1 |     8 |     1 |     5 ||    15
 Stab: Sleeping          |     5 |     1 |       |       ||     6
       Confused          |       |       |     1 |       ||     1
Armor: Robe              |    36 |    12 |       |       ||    48
       Ring mail         |       |    76 |   105 |    89 ||   270
Dodge: Dodged            |    65 |   172 |   242 |   250 ||   729
       Deflected         |       |    11 |     5 |     9 ||    25
Block: Buckler           |       |    47 |    96 |    99 ||   242
       Rpst.: Long sword |       |    43 |    74 |    77 ||   194

Table legend:
 A = Non-vault XP
 B = Vault XP
 C = Vault XP percentage of total XP
 D = Non-vault monster count
 E = Vault monster count
 F = Vault count percentage of total count
                 A         B        C        D         E       F
            +---------+---------+-------+---------+---------+-------
      Total |   10999 |    8090 |  42.4 |     231 |      33 |  12.5
            +---------+---------+-------+---------+---------+-------
        D:1 |      44 |       0 |   0.0 |      25 |       0 |   0.0
        D:2 |      74 |       0 |   0.0 |      24 |       0 |   0.0
        D:3 |      64 |       0 |   0.0 |      21 |       0 |   0.0
        D:4 |     190 |     103 |  35.2 |      15 |       1 |   6.2
        D:5 |     618 |       0 |   0.0 |      21 |       0 |   0.0
        D:6 |     614 |     812 |  56.9 |      17 |       3 |  15.0
        D:7 |    2086 |    1772 |  45.9 |      34 |       2 |   5.6
        D:8 |     655 |    2592 |  79.8 |      13 |      15 |  53.6
        D:9 |    2320 |    1808 |  43.8 |      27 |       7 |  20.6
       D:10 |    4334 |    1003 |  18.8 |      34 |       5 |  12.8
            +---------+---------+-------+---------+---------+-------
